 Dungeon Crawl Stone Soup version 0.30.1-11-g7821555f0a (webtiles) character file.

Game seed: 9232081035204510875

828 comborobin the Cleaver (level 7, 0/57 HPs)
             Began as a Hill Orc Delver on Dec 23, 2023.
             Slain by a wyvern (9 damage)
             ... on level 6 of the Dungeon.
             The game lasted 00:03:05 (2608 turns).

comborobin the Cleaver (Hill Orc Delver)            Turns: 2608, Time: 00:03:05

Health: 0/57       AC:  5    Str: 17    XL:     7   Next: 97%
Magic:  7/7        EV: 11    Int: 10    God:
Gold:   104        SH:  0    Dex: 12    Spells: 4/6 levels left

rFire   . . .        a - +0 war axe
rCold   . . .        (no shield)
rNeg    . . .        b - +0 leather armour
rPois   .            j - +0 helmet
rElec   .            n - +0 cloak
rCorr   .            (no gloves)
SInv    .            (no boots)
Will    .....        f - amulet of regeneration
Stlth   ++           (no ring)
HPRegen 1.09/turn    (no ring)
MPRegen 0.10/turn

%: no passive effects
@: attractive
A: no striking features
a: no special abilities


You were on level 6 of the Dungeon.
You visited 2 branches of the dungeon, and saw 4 of its levels.

You collected 157 gold pieces.
You spent 53 gold pieces at shops.

Inventory:

Hand Weapons
 a - a +0 war axe (weapon)
Missiles
 v - 2 throwing nets (quivered)
Armour
 b - a +0 leather armour (worn)
 j - a +0 helmet (worn)
 k - a scarf of repulsion
 n - a +0 cloak (worn)
 q - a +0 plate armour
Jewellery
 f - an amulet of regeneration (around neck)
 p - the ring of Autumn {Fly Str+2 Int+3 Dex+4 Slay-6}
   (You found it on level 5 of the Dungeon)

   [ring of flight]

   Str:       It affects your strength (+2).
   Int:       It affects your intelligence (+3).
   Dex:       It affects your dexterity (+4).
   Slay:      It affects your accuracy & damage with ranged weapons and melee
   (-6).
   Fly:       It grants you flight.
Wands
 g - a wand of digging (3)
 h - a wand of roots (6)
Scrolls
 c - 2 scrolls of fog
 d - a scroll of magic mapping
 e - a scroll of fear
 i - a scroll of vulnerability {unknown}
 l - a scroll of blinking {unknown}
 o - a scroll of enchant armour {unknown}
 t - a scroll of teleportation {unknown}
Potions
 r - a potion of curing {unknown}
 s - a potion of invisibility {unknown}
 u - a potion of heal wounds {unknown}


   Skills:
 - Level 3.6 Fighting
 + Level 11.5 Axes
 - Level 1.5 Dodging
 - Level 4.1 Stealth


You had 4 spell levels left.
You knew the following spells:

 Your Spells              Type           Power      Damage    Failure   Level
B - Blink                 Tloc           0%         N/A       56%         2

Your spell library contained the following spells:

 Spells                   Type           Power      Damage    Failure   Level
 Lesser Beckoning         Tloc           0%         N/A       56%         2
 Momentum Strike          Conj/Tloc      0%         3d8       56%         2


Dungeon Overview and Level Annotations

Branches:
Dungeon (6/15)             Temple (1/1) D:5

Altars:
Ashenzari
Dithmenos
Elyvilon
Fedhas
Gozag
Hepliaklqana
Makhleb
Okawaru
Ru
Sif Muna
Trog
Vehumet
Xom
Yredelemnul
The Shining One

Shops:
D:4 *


Message History

The centaur hits you but does no damage.
The centaur completely misses you.
You barely miss the centaur.
The centaur is moderately wounded.
The centaur hits you but does no damage.
The centaur kicks you but does no damage.
You hit the centaur but do no damage.
The centaur is moderately wounded.
The centaur barely misses you. x2
The centaur hits you but does no damage.
The centaur barely misses you.
You slash the centaur!
The centaur is severely wounded.
The centaur hits you.
The centaur kicks you but does no damage.
You slash the centaur!
The centaur is almost dead.
The centaur closely misses you. x2
You hit the centaur.
You kill the centaur!
The wyvern closely misses you.
You slash the wyvern!
The wyvern is heavily wounded.
The wyvern closely misses you.
You hit the wyvern but do no damage.
The wyvern is heavily wounded.
The wyvern bites you! The wyvern misses you.
You are too injured to fight recklessly!
You are too injured to fight recklessly!
You are too injured to fight recklessly!
You are too injured to fight recklessly!
You barely miss the wyvern.
The wyvern is heavily wounded.
The wyvern bites you.
It was a potion of attraction.
You feel attractive to monsters. The wyvern bites you!
* * * LOW HITPOINT WARNING * * *
The wyvern bites you!
You die...

#. #. ### #. #.. ####
#>###### #.# ..#
#......###.# # #.#
##.........#
##.##.##.####...##.##..#
......l@......#.##.##...
##.##.##.###..........#)
# #.# #.#####.##..) ..#
#.# #)....# #### #.#
####..# #.# #..# #.#
#... #.# #.# #.## #.#
#.# #.


You could see a wyvern.

Vanquished Creatures
  Eustachio (D:4)
  Menkaure (D:4)
  2 centaurs
  A kobold brigand (D:6)
  2 scorpions
  2 hounds (D:5)
  Crazy Yiuf (D:4)
  An iguana (D:5)
  An orc wizard (D:5)
  Robin (D:4)
  3 adders
  2 dart slugs
  5 orcs
  2 endoplasms (D:4)
  10 goblins (D:4)
  3 hobgoblins (D:4)
  A quokka (D:5)
  6 kobolds (D:6)
45 creatures vanquished.

Notes
Turn   | Place    | Note
-------+----------+-------------------------------------------
     0 | D:5      | comborobin the Hill Orc Delver began the quest for the Orb.
     0 | D:5      | Reached XP level 1. HP: 19/19 MP: 1/1
    18 | D:5      | Noticed a hound
    44 | D:5      | Killed a hound
    45 | D:5      | Reached skill level 4 in Axes
    45 | D:5      | Reached XP level 2. HP: 26/26 MP: 2/2
    45 | D:5      | Reached XP level 3. HP: 31/31 MP: 3/3
    58 | D:4      | Noticed Menkaure
    66 | D:4      | Killed Menkaure
    66 | D:4      | Noticed a scorpion
    67 | D:4      | Reached skill level 7 in Axes
    67 | D:4      | Reached XP level 4. HP: 39/39 MP: 4/4
    67 | D:4      | Reached XP level 5. HP: 45/45 MP: 5/5
   313 | D:4      | Found a bloodstained altar of Trog.
   313 | D:4      | Found a broken altar of Ashenzari.
   351 | D:4      | Found Pinat's Assorted Antiques.
   359 | D:4      | Bought a fizzy golden potion for 25 gold pieces
   359 | D:4      | Bought a scroll labelled LIRHYO ZIUHOUQ for 28 gold pieces
   451 | D:4      | Reached skill level 8 in Axes
   454 | D:4      | Reached XP level 6. HP: 46/51 MP: 6/6
   455 | D:4      | Noticed Robin
   476 | D:4      | Killed Robin
   797 | D:4      | Noticed Eustachio
   805 | D:4      | Killed Eustachio
   806 | D:4      | Reached skill level 9 in Axes
   999 | D:4      | Found a runed translucent door.
  1000 | D:4      | Noticed Crazy Yiuf
  1007 | D:4      | Killed Crazy Yiuf
  1091 | D:5      | Reached XP level 7. HP: 34/57 MP: 7/7
  1217 | D:5      | Reached skill level 10 in Axes
  1604 | D:5      | Found a staircase to the Ecumenical Temple.
  1626 | Temple   | Entered the Ecumenical Temple
  1810 | D:5      | Identified the ring of Autumn {Fly Str+2 Int+3 Dex+4
                  | Slay-6}
  2089 | D:5      | Learned a level 2 spell: Blink
  2527 | D:6      | Reached skill level 11 in Axes
  2592 | D:6      | Noticed a wyvern
  2608 | D:6      | Slain by a wyvern

Illustrated notes

Levels and vault maps discovered:
D:4:      layout_loops_ring, chequers_temple_overflow_statue_of_worship,
          serial_shops, shop, uniq_robin, uniq_menkaure, uniq_eustachio,
          uniq_crazy_yiuf_cottage
D:5:      layout_gridville, temple_statues
D:6:      layout_loops_ring, serial_shops, nicolae_shop_tiny_glass
Temple:   dshaligram_water_room_temple

Skill      XL: |  1  2  3  4  5  6  7 |
---------------+----------------------+-----
Axes           | 4 7 8 9 11 | 11.5
Fighting       | |  3.6
Dodging        | |  1.5
Stealth        | |  4.1

Action                     |  1- 3 |  4- 6 |  7- 9 || total
---------------------------+-------+-------+-------++-------
  Melee: Hand axe          |    11 |    64 |       ||    75
         War axe           |       |    17 |    83 ||   100
         Punch             |       |     1 |       ||     1
  Evoke: Wand              |     2 |     7 |       ||     9
    Use: Scroll            |       |     3 |       ||     3
         Potion            |       |     1 |     2 ||     3
   Stab: Paralysed         |    11 |     9 |       ||    20
         Sleeping          |       |     2 |     1 ||     3
 Armour: Leather armour    |       |    13 |    36 ||    49
  Dodge: Dodged            |       |    31 |    50 ||    81
